 Dungeon Crawl Stone Soup version 0.23.0-3-gf3c87f2df8 (webtiles) character file.

Game seed: 17424532304025052629

4385 Gargoyl the Chopper (level 10, -3/83 HPs)
             Began as a Centaur Abyssal Knight on Feb 21, 2019.
             Was an Elder of Lugonu.
             Slain by an orc warrior
             ... wielding a +0 short sword
              (16 damage)
             ... on level 8 of the Dungeon on Feb 22, 2019.
             The game lasted 00:21:35 (13338 turns).

Gargoyl the Chopper (Centaur Abyssal Knight)       Turns: 13338, Time: 00:21:35

Health: -3/83      AC: 11    Str: 17    XL:     10   Next: 13%
Magic:  15/15      EV:  6    Int: 18    God:    Lugonu [****..]
Gold:   513        SH:  0    Dex: 10    Spells: 9/9 levels left

rFire    . . .     SeeInvis +   a - +2 hand axe
rCold    . . .     Gourm    .   (no shield)
rNeg     + . .     Faith    .   i - +2 chain mail {rN+}
rPois    .         Spirit   .   (no helmet)
rElec    +         Reflect  .   (no cloak)
rCorr    .         Harm     .   (no gloves)
MR       ++...                  (no barding)
Stlth    ..........             (no amulet)
HPRegen  0.23/turn              u - ring of the Mage {Wiz MR++ Int+3}
MPRegen  0.14/turn              o - ring "Exeisk" {rElec Int+4 SInv}

@: lightly drained, very quick
A: large, hooves 3, deformed body, speed 2, tough skin 3
a: Depart the Abyss, Bend Space, Banish, Corrupt, Renounce Religion


You were on level 8 of the Dungeon.
You worshipped Lugonu.
Lugonu was greatly pleased with you.
You were hungry.

You visited 1 branch of the dungeon, and saw 9 of its levels.
You visited the Abyss 1 time.
You also visited: Sewer.

You collected 513 gold pieces.

Inventory:

Hand Weapons
 a - a +2 hand axe (weapon)
Armour
 e - +2 acid dragon scales
 i - a +2 chain mail of positive energy (worn)
Jewellery
 o - the ring "Exeisk" (right hand) {rElec Int+4 SInv}
   (You found it on level 4 of the Dungeon)

   [ring of intelligence]

   It affects your intelligence (+4).
   It insulates you from electricity.
   It lets you see invisible.
 u - the ring of the Mage (left hand) {Wiz MR++ Int+3}
   (You found it on level 7 of the Dungeon)

   [ring of wizardry]

   It improves your spell success rate.
   It affects your intelligence (+3).
   It affects your resistance to hostile enchantments.
Wands
 s - a wand of random effects (1)
 t - a wand of flame (7)
 w - a wand of digging (3)
 x - a wand of polymorph (11)
Scrolls
 b - 2 scrolls of identify
 d - 6 scrolls of teleportation
 f - 4 scrolls of amnesia
 g - a scroll of fog
 r - 2 scrolls of remove curse
 z - a scroll of blinking
Potions
 h - 2 potions of magic
 j - 2 potions of mutation {unknown}
 k - a potion of might
 l - 2 potions of brilliance
 m - 3 potions of heal wounds
 p - a potion of lignification {unknown}
 q - 2 potions of curing
Comestibles
 c - 19 rations


   Skills:
 + Level 5.8(5.5) Fighting
 + Level 7.2(7.0) Axes
 * Level 6.1(5.9) Armour
 * Level 4.4(4.2) Dodging
 * Level 6.7(6.5) Invocations
 + Level 1.2(1.0) Evocations


You had 9 spell levels left.
You didn't know any spells.
Your spell library was empty.

Dungeon Overview and Level Annotations

Branches:
Dungeon (9/15)             Temple (0/1) D:5
   Lair: D:8-11         Orc: D:9-12

Altars:
Kikubaaqudgha
Sif Muna
Trog
Uskayaw
Wu Jian
Yredelemnul
The Shining One
Beogh


Innate Abilities, Weirdness & Mutations

You have hooves in place of feet.
Armour fits poorly on your strangely shaped body.
You cover ground very quickly.
You have extremely tough skin. (AC +3)


Message History

You completely miss the orc warrior. Your kick misses the orc warrior.
The orc warrior hits you with a +0 short sword!
You closely miss the orc warrior.
You kick the orc warrior, but do no damage.
The orc warrior hits you with a +0 short sword.
You hit the orc warrior.
The orc warrior is lightly wounded.
The orc warrior hits you with a +0 short sword!
* * * LOW HITPOINT WARNING * * *
You hit the orc warrior. Your kick misses the orc warrior.
The orc warrior is moderately wounded.
The orc warrior closely misses you.
You hit the orc warrior.
The orc warrior is moderately wounded.
The orc warrior hits you with a +0 short sword.
* * * LOW HITPOINT WARNING * * *
You barely miss the orc warrior.
The orc warrior is moderately wounded.
The orc warrior hits you with a +0 short sword!
You die...

###################.###.......
#<...................†..###.##
#..........#####....##### #†##
#..........# #.....# #.##
#..........#####....#######.##
#.............###.#...[.....##
#.........###.# #.############
#.........# #o# #.# #
#.........# #@###+## #
##.##.....# #.##...## #
#.##.##..###.#.....## ####
#.##................## ##.##
#........###....>....####...#
####.......'........)).......
##....###.........####...#
####.#.# ##.......## ##.##
#......# ##.....## ####


You could see an orc warrior.

Vanquished Creatures
  2 hippogriffs
  Sigmund (D:3)
  A spriggan (D:7)
  A hungry ghost (D:8)
  A water moccasin (D:7)
  An ice beast (D:7)
  An orc warrior (D:7)
  A sky beast (D:5)
  A black bear (D:5)
  4 ogres
  2 phantoms
  A big kobold (D:8)
  A gnoll sergeant (D:7)
  6 bullfrogs
  A wyvern skeleton (D:6)
  5 killer bees
  9 wights
  A howler monkey (D:5)
  3 crimson imps
  A bullfrog zombie (D:6)
  6 hounds
  A centaur zombie (D:6)
  5 orc priests
  A centaur skeleton (D:4)
  A jelly (D:8)
  9 orc wizards
  2 bullfrog skeletons
  An iguana (D:5)
  5 worker ants
  A killer bee zombie (D:6)
  A hound skeleton (D:4)
  A worker ant zombie (D:8)
  14 gnolls
  A howler monkey skeleton (D:5)
  8 adders
  An ooze (D:6)
  An adder skeleton (D:4)
  4 worms
  A dart slug (D:3)
  5 leopard geckos
  19 orcs
  7 bats
  7 giant cockroaches
  3 goblins
  8 hobgoblins
  18 jackals
  8 quokkas
  7 ball pythons
  11 frilled lizards
  18 kobolds
  2 quokka skeletons (D:4)
  5 rats
  A plant (Sewer)
227 creatures vanquished.

Vanquished Creatures (others)
  A killer bee (D:8)
1 creature vanquished.

Grand Total: 228 creatures vanquished

Notes
Turn   | Place    | Note
-------+----------+-------------------------------------------
     0 | Abyss:1  | Gargoyl the Centaur Abyssal Knight began the quest for the
                  | Orb.
     0 | Abyss:1  | Reached XP level 1. HP: 19/19 MP: 2/2
     7 | Abyss:1  | Found a corrupted altar of Lugonu.
    73 | Abyss:2  | Found a roughly hewn altar of Beogh.
   107 | Abyss:2  | Noticed an ancient zyme
   113 | Abyss:2  | Noticed a large abomination
   115 | Abyss:2  | Noticed a quasit
   168 | Abyss:3  | Noticed a rakshasa
   169 | D:1      | Escaped the Abyss
   421 | D:1      | Reached XP level 2. HP: 24/26 MP: 3/3
   581 | D:1      | Reached * piety under Lugonu
   662 | D:1      | Reached skill level 2 in Axes
   779 | D:1      | Reached skill level 1 in Dodging
   805 | D:1      | Reached XP level 3. HP: 24/31 MP: 4/4
  1366 | D:2      | Found an ornate altar of the Wu Jian Council.
  1551 | D:2      | Found a hide-covered altar of Uskayaw.
  1554 | D:2      | Found an ancient bone altar of Kikubaaqudgha.
  1564 | D:2      | Reached ** piety under Lugonu
  1904 | D:3      | Noticed Sigmund
  1920 | D:3      | Killed Sigmund
  1920 | D:3      | Reached skill level 3 in Axes
  1920 | D:3      | Reached XP level 4. HP: 25/39 MP: 4/6
  1920 | D:3      | Reached XP level 5. HP: 28/45 MP: 4/7
  2026 | D:3      | Reached XP level 6. HP: 20/52 MP: 8/8
  2183 | D:3      | Found a glowing drain.
  2194 | Sewer    | Entered a sewer
  3463 | D:4      | Reached *** piety under Lugonu
  4177 | D:4      | Got a transparent lapis lazuli ring
  4238 | D:4      | Reached XP level 7. HP: 23/58 MP: 9/9
  4674 | D:4      | Identified the ring "Exeisk" {rElec Int+4 SInv} (You found
                  | it on level 4 of the Dungeon)
  5304 | D:5      | Entered Level 5 of the Dungeon
  5346 | D:5      | Reached skill level 4 in Axes
  5454 | D:5      | Found a basalt altar of Yredelemnul.
  5843 | D:5      | Found a bloodstained altar of Trog.
  6028 | D:5      | Found a staircase to the Ecumenical Temple.
  6155 | D:5      | Reached **** piety under Lugonu
  6415 | D:5      | Reached XP level 8. HP: 35/66 MP: 9/11
  6415 | D:5      | Reached skill level 5 in Axes
  6776 | D:6      | Found a deep blue altar of Sif Muna.
  7797 | D:6      | Reached skill level 5 in Invocations
  8543 | D:6      | Reached XP level 9. HP: 47/73 MP: 11/13
  8744 | D:7      | Reached skill level 6 in Axes
  9254 | D:7      | Reached skill level 5 in Fighting
  9254 | D:7      | Reached skill level 5 in Armour
  9531 | D:7      | Found the ring of the Mage {Wiz MR++ Int+3}
  9593 | D:7      | Got an aquamarine-encrusted ring mail
  9650 | D:6      | Identified the cursed +1 ring mail of Hepliaklqana's
                  | Delight {Int+3} (You found it on level 7 of the Dungeon)
 10859 | D:7      | HP: 1/74 [shot self (19)]
 11284 | D:7      | Found a glowing golden altar of the Shining One.
 11357 | D:7      | Reached skill level 1 in Evocations
 12306 | D:8      | Reached skill level 7 in Axes
 12780 | D:8      | Reached XP level 10. HP: 81/82 MP: 14/14
 13309 | D:9      | Found a roughly hewn altar of Beogh.
 13338 | D:8      | Slain by an orc warrior

Skill      XL: |  1  2  3  4  5  6  7  8  9 10 |
---------------+-------------------------------+-----
Axes           | 2 3 4 5 7 |  7.2
Dodging        | 1 2 3 4 |  4.4
Armour         | 2 3 4 5 6 |  6.1
Invocations    | 3 4 5 6 |  6.7
Fighting       | 4 5 |  5.8
Evocations     | 1 |  1.2

Action                   |  1- 3 |  4- 6 |  7- 9 | 10-12 || total
-------------------------+-------+-------+-------+-------++-------
Melee: Hand axe          |   143 |   221 |   590 |    82 ||  1036
       Kick              |    23 |    47 |   134 |    16 ||   220
Invok: Depart the Abyss  |     1 |       |       |       ||     1
       Bend Space        |       |       |     2 |       ||     2
       Banish            |       |       |     1 |       ||     1
Evoke: Wand              |       |       |    27 |       ||    27
  Use: Scroll            |     7 |     4 |     4 |       ||    15
       Potion            |     2 |     3 |     4 |       ||     9
 Stab: Paralysed         |       |       |     4 |       ||     4
  Eat: Chunk             |     2 |     7 |    20 |       ||    29
       Ration            |       |       |     4 |       ||     4
Armor: Acid dragon scale |    97 |   116 |   204 |       ||   417
       Chain mail        |       |       |   109 |    59 ||   168
Dodge: Dodged            |    94 |   109 |   289 |    25 ||   517
